 Dungeon Crawl Stone Soup version 0.23.2-33-g5129a83 (webtiles) character file.

Game seed: 11734393399232220499

5636 BoppinsLewinski the Grappler (level 10, -6/74 HPs)
             Began as a Yellow Draconian Monk on July 25, 2019.
             Was a Priest of Makhleb.
             Mangled by an unseen horror (7 damage)
             ... on level 9 of the Dungeon.
             The game lasted 00:28:15 (11009 turns).

BoppinsLewinski the Grappler (DrMo)                Turns: 11009, Time: 00:28:15

Health: -6/74      AC:  7    Str: 17    XL:     10   Next: 46%
Magic:  11/11      EV: 16    Int: 10    God:    Makhleb [***...]
Gold:   487        SH:  0    Dex: 14    Spells: 9/9 levels left

rFire    . . .     SeeInvis .     - Unarmed
rCold    . . .     Gourm    .   (no shield)
rNeg     . . .     Faith    .   (armour unavailable)
rPois    .         Spirit   .   (helmet restricted)
rElec    .         Reflect  .   (no cloak)
rCorr    +         Harm     .   (no gloves)
MR       .....     Rnd*Rage +   (no boots)
Stlth    ++........             (no amulet)
HPRegen  0.22/turn              (no ring)
MPRegen  0.12/turn              (no ring)

@: lightly drained
A: spit acid, unfitting armour, berserk 1, frail 1, mutation resistance 1,
cold-blooded, acid resistance, AC +7
a: Breathe Acid, Minor Destruction, Lesser Servant of Makhleb, Renounce Religion


You were on level 9 of the Dungeon.
You worshipped Makhleb.
Makhleb was most pleased with you.
You were not hungry.

You visited 2 branches of the dungeon, and saw 10 of its levels.

You collected 487 gold pieces.

Inventory:

Jewellery
 h - an uncursed amulet of regeneration {unknown}
 i - a cursed amulet of inaccuracy {unknown}
Wands
 e - a wand of digging (8)
 q - a wand of flame (23)
Scrolls
 c - 2 scrolls of magic mapping {unknown}
 g - 6 scrolls of teleportation
 j - 2 scrolls of remove curse
 k - 3 scrolls of blinking
 n - 3 scrolls of immolation
 o - 3 scrolls of fear
 p - 2 scrolls of amnesia
 r - 3 scrolls of noise {unknown}
 t - 2 scrolls of identify
Potions
 b - a potion of brilliance
 d - 3 potions of heal wounds
 l - a potion of magic
 m - 3 potions of ambrosia
 s - a potion of invisibility {unknown}
 u - a potion of berserk rage {unknown}
Miscellaneous
 w - a phantom mirror
Comestibles
 a - 12 rations


   Skills:
 + Level 5.7 Fighting
 + Level 6.4 Dodging
 - Level 1.7 Stealth
 + Level 13.3(13.2) Unarmed Combat
 + Level 2.3 Invocations


You had 9 spell levels left.
You didn't know any spells.
Your spell library contained the following spells:

 Spells                   Type           Power        Failure   Level  Hunger
 Animate Skeleton         Necr           N/A          36%         1    ##.....
 Freeze                   Ice            #...         36%         1    ##.....
 Pain                     Necr           #...         36%         1    ##.....
 Throw Frost              Conj/Ice       #.....       50%         2    ###....
 Ozocubu's Armour         Chrm/Ice       #.......     75%         3    ####...
 Regeneration             Chrm/Necr      #.........   75%         3    ####...
 Vampiric Draining        Necr           #.........   75%         3    ####...
 Animate Dead             Necr           N/A          98%         4    #####..
 Summon Ice Beast         Ice/Summ       #.......     98%         4    #####..
 Throw Icicle             Conj/Ice       #.......     98%         4    #####..


Dungeon Overview and Level Annotations

Branches:
Dungeon (9/15)             Temple (1/1) D:7
   Lair: D:8-11         Orc: D:9-12

Altars:
Ashenzari
Cheibriados
Dithmenos
Elyvilon
Fedhas
Gozag
Hepliaklqana
Kikubaaqudgha
Makhleb
Nemelex Xobeh
Okawaru
Qazlal
Ru
Sif Muna
Trog
Uskayaw
Vehumet
Wu Jian
Xom
Yredelemnul
Zin
The Shining One

Shops:
D:5 :

Annotations:
D:7 3 runed translucent doors, MetaCosm's ghost, novice GrBe


Innate Abilities, Weirdness & Mutations

You can spit globs of acid.
Your golden yellow scales are hard. (AC +7)
You cannot fit into any form of body armour.
You are cold-blooded and may be slowed by cold attacks.
You are resistant to acid. (rCorr)
You tend to lose your temper in combat.
You are frail. (-10% HP)
You are somewhat resistant to further mutation.


Message History

You closely miss something. Something hits you.
You completely miss something. Something hits you.
* * * LOW HITPOINT WARNING * * *
Something hits you.
* * * LOW HITPOINT WARNING * * *
Something hits you.
* * * LOW HITPOINT WARNING * * *
You closely miss something. You punch something. Something hits you.
* * * LOW HITPOINT WARNING * * *
You barely miss something. Something hits you but does no damage.
You feel better. Something hits you.
* * * LOW HITPOINT WARNING * * *
You barely miss something. You tail-slap something.
Something barely misses you. Something hits you but does no damage.
You pummel something!! You tail-slap something. Something hits you!
* * * LOW HITPOINT WARNING * * *
You hit something. Something hits you!
* * * LOW HITPOINT WARNING * * *
You closely miss something. You tail-slap something. Something hits you!
You die...

#.# #....... #.#
#....... #.#####
#....... #.....#
#.......
###.....###.......
#.................
#.#.....##...#####
#{#.....##...#
#@#.....##...#
#.#.....##...#
#.#.######...#
#.#.######...#
#.#..........#
#.#..######..#
#.#..# ...# #.#..#
..# . #### ..# #


There were no monsters in sight!

Vanquished Creatures
  A two-headed ogre (D:8)
  Pikel (D:7)
  Joseph (D:7)
  Grinder (D:5)
  A hungry ghost (D:7)
  A water moccasin (D:7)
  5 orc warriors
  2 ice beasts
  A sky beast (D:8)
  A necrophage (D:8)
  A phantom (D:5)
  4 ogres
  4 centaurs
  6 bullfrogs
  2 big kobolds (D:8)
  A gnoll sergeant (D:6)
  A wyvern zombie (D:7)
  2 scorpions (D:8)
  A howler monkey (D:4)
  7 wights
  3 crimson imps
  A centaur zombie (D:8)
  A bullfrog zombie (D:9)
  A quasit (D:6)
  3 hounds
  2 jellies (D:9)
  An orc priest (D:8)
  6 orc wizards
  3 bullfrog skeletons
  2 iguanas (D:7)
  5 worker ants
  2 hound skeletons (D:4)
  A worker ant zombie (D:7)
  Robin (D:2)
  8 gnolls
  A howler monkey skeleton (D:4)
  12 adders
  A shadow imp (D:5)
  2 oozes
  An adder skeleton (D:6)
  5 worms
  4 leopard geckos
  27 orcs
  6 giant cockroaches
  11 goblins
  12 hobgoblins
  7 jackals (D:4)
  4 quokkas
  3 bats
  4 frilled lizards
  12 kobolds
  A leopard gecko skeleton (D:6)
  A leopard gecko zombie (D:8)
  A quokka zombie (D:5)
  3 rats
202 creatures vanquished.

Vanquished Creatures (others)
  A slave (D:7)
1 creature vanquished.

Grand Total: 203 creatures vanquished

Notes
Turn   | Place    | Note
-------+----------+-------------------------------------------
     0 | D:1      | BoppinsLewinski the Draconian Monk began the quest for the
                  | Orb.
     0 | D:1      | Reached XP level 1. HP: 19/19 MP: 1/1
     6 | D:1      | Noticed a worker ant
     6 | D:1      | Noticed an iguana
     6 | D:1      | Noticed a swamp worm
     7 | D:1      | Noticed a black bear
     7 | D:1      | Noticed a black mamba
   184 | D:1      | Reached XP level 2. HP: 26/26 MP: 2/2
   557 | D:1      | Found a sparkling altar of Nemelex Xobeh.
  1367 | D:2      | Reached XP level 3. HP: 31/31 MP: 3/3
  1408 | D:2      | Reached skill level 4 in Unarmed Combat
  1726 | D:2      | Noticed Robin
  1770 | D:2      | Killed Robin
  1770 | D:2      | Reached XP level 4. HP: 10/40 MP: 4/4
  2496 | D:2      | Reached XP level 5. HP: 45/46 MP: 5/5
  2530 | D:2      | Reached skill level 5 in Unarmed Combat
  3342 | D:4      | Noticed an ogre
  3362 | D:4      | Killed an ogre
  3362 | D:4      | Reached skill level 6 in Unarmed Combat
  3362 | D:4      | Reached XP level 6. HP: 28/52 MP: 6/6
  3516 | D:4      | Found a white marble altar of Elyvilon.
  3517 | D:4      | Found a shadowy altar of Dithmenos.
  3525 | D:4      | Found a blossoming altar of Fedhas.
  3890 | D:4      | Found an opulent altar of Gozag.
  4258 | D:4      | Reached skill level 7 in Unarmed Combat
  4454 | D:5      | Entered Level 5 of the Dungeon
  4548 | D:5      | Your scales start taking on a golden yellow colour.
  4548 | D:5      | Reached XP level 7. HP: 31/58 MP: 7/7
  4548 | D:5      | Gained mutation: You are resistant to acid. (rCorr) [Yellow
                  | Draconian growth]
  4965 | D:5      | Noticed Grinder
  4973 | D:5      | Paralysed by Grinder for 3 turns
  4988 | D:5      | Killed Grinder
  4988 | D:5      | Reached skill level 8 in Unarmed Combat
  5286 | D:5      | Found Eliuprod's Book Emporium.
  5622 | D:6      | Reached XP level 8. HP: 41/66 MP: 8/8
  5628 | D:6      | Reached skill level 9 in Unarmed Combat
  7005 | D:6      | Reached skill level 10 in Unarmed Combat
  7664 | D:7      | Found a staircase to the Ecumenical Temple.
  7693 | Temple   | Entered the Ecumenical Temple
  7785 | Temple   | Became a worshipper of Makhleb the Destroyer
  7785 | Temple   | Reached * piety under Makhleb
  7785 | Temple   | Reached ** piety under Makhleb
  7971 | D:7      | Reached XP level 9. HP: 62/72 MP: 9/9
  7975 | D:7      | Reached skill level 11 in Unarmed Combat
  8320 | D:7      | Reached skill level 5 in Dodging
  8425 | D:7      | Noticed Joseph
  8443 | D:7      | Killed Joseph
  8767 | D:7      | Noticed Pikel
  8853 | D:7      | Killed Pikel
  8853 | D:7      | Reached skill level 5 in Fighting
  8853 | D:7      | Reached skill level 12 in Unarmed Combat
  8898 | D:7      | Found a sacrificial altar of Ru.
  8899 | D:7      | Found a deep blue altar of Sif Muna.
  8943 | D:7      | Noticed MetaCosm's ghost (novice GrBe)
  8949 | D:7      | Found a runed translucent gate.
  8949 | D:7      | Found a runed translucent gate.
  8951 | D:7      | Found a runed translucent gate.
  9517 | D:8      | Reached skill level 1 in Invocations
  9536 | D:8      | Noticed a two-headed ogre
  9720 | D:8      | Killed a two-headed ogre
  9720 | D:8      | Reached XP level 10. HP: 79/81 MP: 9/11
  9913 | D:8      | Found a hazy altar of Hepliaklqana.
 10044 | D:8      | Reached *** piety under Makhleb
 10093 | D:8      | Reached skill level 13 in Unarmed Combat
 10140 | D:8      | Gained mutation: You have a pair of small horns on your
                  | head. [potion of mutation]
 10140 | D:8      | Gained mutation: You can translocate small distances at
                  | will. [potion of mutation]
 10586 | D:9      | Lost mutation: You can translocate small distances at will.
                  | [potion of mutation]
 10586 | D:9      | Lost mutation: You have a pair of small horns on your head.
                  | [potion of mutation]
 10586 | D:9      | Gained mutation: You tend to lose your temper in combat.
                  | [potion of mutation]
 10586 | D:9      | Gained mutation: You are frail. (-10% HP) [potion of
                  | mutation]
 10586 | D:9      | Gained mutation: You are somewhat resistant to further
                  | mutation. [potion of mutation]
 11008 | D:9      | HP: 1/74 [something (7)]
 11009 | D:9      | Mangled by an unseen horror

Skill      XL: |  1  2  3  4  5  6  7  8  9 10 |
---------------+-------------------------------+-----
Dodging        | 3 4 5 6 |  6.4
Unarmed Combat | 4 6 7 8 10 12 13 | 13.3
Fighting       | 4 5 |  5.7
Invocations    | 1 2 |  2.3
Stealth        | |  1.7

Action                   |  1- 3 |  4- 6 |  7- 9 | 10-12 || total
-------------------------+-------+-------+-------+-------++-------
Melee: Unarmed           |   139 |   263 |   233 |   182 ||   817
       Tailslap          |    18 |    34 |    35 |    26 ||   113
       Punch             |       |     9 |     8 |    10 ||    27
       Headbutt          |       |       |       |    20 ||    20
Invok: Minor Destruction |       |       |     5 |     2 ||     7
 Abil: Breathe Acid      |       |       |    16 |     1 ||    17
  Use: Potion            |     2 |     3 |    12 |     5 ||    22
       Scroll            |     1 |       |     7 |     2 ||    10
 Stab: Sleeping          |     4 |     4 |     2 |     1 ||    11
  Eat: Chunk             |     1 |    10 |    10 |     5 ||    26
       Ration            |       |       |     4 |       ||     4
Armor: Skin              |    30 |    52 |    66 |    40 ||   188
Dodge: Dodged            |    71 |   174 |   167 |    84 ||   496
